 Dungeon Crawl Stone Soup version 0.23.2-30-g0e89c35649 (webtiles) character file.

Game seed: 9104630193582736063

74 1994 the Sneak (level 4, -2/32 HPs)
             Began as a Vampire Enchanter on June 11, 2019.
             Slain by a river rat (7 damage)
             ... on level 3 of the Dungeon.
             The game lasted 00:15:20 (3389 turns).

1994 the Sneak (Vampire Enchanter)                  Turns: 3389, Time: 00:15:20

Health: -2/32      AC:  7    Str:  8    XL:     4   Next: 9%
Magic:  14/16      EV: 10    Int: 17    God:
Gold:   171        SH:  0    Dex: 14    Spells: 3/7 levels left

rFire    . . .     SeeInvis +   a - +1 dagger
rCold    . . .     Gourm    .   (no shield)
rNeg     + . .     Faith    .   p - +0 ring mail
rPois    .         Spirit   .   (no helmet)
rElec    .         Reflect  .   q - +1 cloak {+Inv}
rCorr    .         Harm     .   (no gloves)
MR       .....                  (no boots)
Stlth    ++........             (no amulet)
HPRegen  0.10/turn              g - ring of magical power
MPRegen  0.15/turn              (no ring)

@: very slightly contaminated
A: fangs 3, see invisible, unbreathing
a: Bat Form, Evoke Invisibility


You were on level 3 of the Dungeon.
You were not thirsty.

You visited 1 branch of the dungeon, and saw 3 of its levels.

You collected 171 gold pieces.

Inventory:

Hand Weapons
 a - a +1 dagger (weapon)
 s - a +0 mace
Missiles
 c - 148 stones (quivered)
 j - 11 tomahawks
 m - 72 sling bullets
Armour
 f - a +0 leather armour
 p - a +0 ring mail (worn)
 q - a +1 cloak of invisibility (worn)
Jewellery
 g - a ring of magical power (left hand)
Scrolls
 b - a scroll of fog {unknown}
 h - 3 scrolls of enchant armour {unknown}
 l - 3 scrolls of remove curse {unknown}
 n - a scroll of teleportation {unknown}
 t - a scroll of blinking {unknown}
Potions
 d - 9 potions of blood
 e - a potion of ambrosia {unknown}
 i - a potion of flight {unknown}
 k - a potion of magic {unknown}
 o - 2 potions of heal wounds {unknown}
 r - a potion of might {unknown}
 u - a potion of curing {unknown}


   Skills:
 + Level 1.1 Fighting
 - Level 1.1 Short Blades
 * Level 1.3 Maces & Flails
 + Level 2.7 Dodging
 + Level 4.9 Stealth
 + Level 2.3 Spellcasting
 + Level 4.9 Hexes


You had 3 spell levels left.
You knew the following spells:

 Your Spells              Type           Power        Failure   Level  Hunger
a - Corona                Hex            ###....      8%          1    #......
b - Confuse               Hex            ###.....     22%         3    ###....

Your spell library contained the following spells:

 Spells                   Type           Power        Failure   Level  Hunger
 Tukima's Dance           Hex            ###.....     22%         3    ###....
 Ensorcelled Hibernation  Hex/Ice        ##....       32%         2    ##.....
 Dazzling Spray           Conj/Hex       ##....       54%         3    ###....


Dungeon Overview and Level Annotations

Branches:
Dungeon (3/15)

Altars:
Cheibriados
Hepliaklqana


Innate Abilities, Weirdness & Mutations

You have razor-sharp teeth.
You have supernaturally acute eyesight. (SInv)
You can survive without breathing.


Message History

You feel a bit tired.
You barely miss the river rat. The river rat misses you.
You barely miss the river rat.
The river rat bites you but does no damage.
You closely miss the river rat.
The river rat bites you but does no damage.
You hit the river rat.
The river rat is lightly wounded.
The river rat stops glowing.
The river rat bites you!
* * * LOW HITPOINT WARNING * * *
You completely miss the river rat.
The river rat is lightly wounded.
The river rat bites you.
* * * LOW HITPOINT WARNING * * *
You hit the river rat but do no damage.
You hear the rapid rusting of a drain nearby.
The river rat barely misses you.
You hit the river rat but do no damage. The river rat misses you.
You hit the river rat but do no damage. The river rat bites you!
You die...

#.#...# #.# #.
#.#...#######.# #.
####.....'.......#
##
#........#########
#. #........# #.
#........# #.
#........# #.
#........##########
#.
#............@r...#
#.
#################.##
#. #..# #. ##....#
#. r##..# ## ≈. .#
≈≈. # ≈≈≈. ≈≈≈.#


You could see a river rat.

Vanquished Creatures
  An adder (D:3)
  A shadow imp (D:3)
  A dart slug (D:1)
  A leopard gecko (D:3)
  4 orcs (D:3)
  9 bats
  7 giant cockroaches
  5 goblins (D:1)
  7 hobgoblins
  A frilled lizard (D:2)
  7 kobolds
  3 rats (D:3)
47 creatures vanquished.

Notes
Turn   | Place    | Note
-------+----------+-------------------------------------------
     0 | D:1      | 1994 the Vampire Enchanter began the quest for the Orb.
     0 | D:1      | Reached XP level 1. HP: 13/13 MP: 3/3
   774 | D:1      | Reached XP level 2. HP: 19/20 MP: 3/5
  1847 | D:1      | Reached skill level 1 in Maces & Flails
  2052 | D:2      | Reached XP level 3. HP: 25/25 MP: 6/6
  2215 | D:2      | Learned a level 3 spell: Confuse
  2315 | D:2      | Found a snail-covered altar of Cheibriados.
  2376 | D:2      | Found a hazy altar of Hepliaklqana.
  2747 | D:3      | Reached skill level 1 in Fighting
  3128 | D:3      | Reached XP level 4. HP: 7/32 MP: 7/7
  3389 | D:3      | Slain by a river rat

Skill      XL: |  1  2  3 |
---------------+----------+-----
Maces & Flails | 1 |  1.3
Fighting       | 1 |  1.1
Short Blades   | |  1.1
Dodging        | |  2.7
Stealth        | |  4.9
Spellcasting   | |  2.3
Hexes          | |  4.9

Action                   |  1- 3 |  4- 6 || total
-------------------------+-------+-------++-------
Melee: Dagger            |   173 |    20 ||   193
       Whip              |    21 |       ||    21
       Bite              |    13 |     2 ||    15
       Unarmed           |     1 |       ||     1
Throw: Stone             |    14 |       ||    14
 Cast: Corona            |    21 |     3 ||    24
       Confuse           |     1 |       ||     1
 Abil: End Transformatio |     4 |     1 ||     5
       Bat Form          |     4 |     1 ||     5
  Use: Potion            |     4 |     2 ||     6
 Stab: Sleeping          |    10 |     2 ||    12
       Confused          |     1 |       ||     1
  Eat: Corpse            |       |     1 ||     1
Armor: Robe              |    16 |       ||    16
       Ring mail         |    38 |     8 ||    46
Dodge: Dodged            |   105 |     4 ||   109
